 Dungeon Crawl Stone Soup version 0.28.0-53-g5a82cb258f (webtiles) character file.

Game seed: 14309523886728830122

32 MalarOregon the Grasshopper (level 3, -2/28 HPs)
             Began as a Palentonga Warper on June 14, 2022.
             Slain by Terence
             ... wielding a +0 flail
              (6 damage)
             ... on level 2 of the Dungeon.
             The game lasted 00:02:27 (1654 turns).

MalarOregon the Grasshopper (Palentonga Warper)     Turns: 1654, Time: 00:02:27

Health: -2/28      AC:  7    Str: 16    XL:     3   Next: 8%
Magic:  4/6        EV:  9    Int: 13    God:
Gold:   41         SH:  0    Dex:  9    Spells: 4/6 levels left

rFire   + . .      SeeInvis +   a - +0 falchion
rCold   . . .      Faith    .   (no shield)
rNeg    . . .      Spirit   .   e - +2 leather armour {rF+}
rPois   .          Reflect  .   b - +0 helmet
rElec   .          Harm     .   (no cloak)
rCorr   .          Rampage  .   (no gloves)
Will    .....                   (no barding)
Stlth   +.........              (no amulet)
HPRegen 0.09/turn               (no ring)
MPRegen 0.10/turn               (no ring)

@: very slightly contaminated
A: large, rugged brown scales 3, see invisible, deformed body, roll 1, armoured
tail
a: Rolling Charge


You were on level 2 of the Dungeon.
You visited 1 branch of the dungeon, and saw 2 of its levels.

You collected 41 gold pieces.


Innate Abilities, Weirdness & Mutations

You are completely covered in rugged brown scales. (AC +3, +7% HP)
You have supernaturally acute eyesight. (SInv)
Armour fits poorly on your strangely shaped body.
You can roll at nearby foes to attack.
You have a long armoured tail.


   Skills:
 + Level 2.1 Fighting
 * Level 2.6 Long Blades
 - Level 0.6 Throwing
 + Level 1.0 Armour
 + Level 1.8 Dodging
 + Level 2.2 Spellcasting
 + Level 3.2 Translocations


You had 4 spell levels left.
You knew the following spells:

 Your Spells              Type           Power      Damage    Failure   Level
b - Blink                 Tloc           18%        N/A       12%         2

Your spell library contained the following spells:

 Spells                   Type           Power      Damage    Failure   Level
 Gell's Gravitas          Tloc           9%         N/A       24%         3
 Lesser Beckoning         Tloc           9%         N/A       24%         3
 Teleport Other           Tloc           9%         N/A       24%         3
 Manifold Assault         Tloc           9%         N/A       92%         5

Inventory:

Hand Weapons
 a - a +0 falchion (weapon)
Missiles
 d - 5 boomerangs of dispersal (quivered) {!f}
Armour
 b - a +0 helmet (worn)
   (You found it on level 1 of the Dungeon)
 e - a +2 leather armour of fire resistance (worn)
   (You found it on level 1 of the Dungeon)
Scrolls
 c - a scroll of blinking
 i - a scroll of identify {unknown}
Potions
 f - a potion of curing {unknown}
 g - a potion of flight {unknown}
 h - a potion of ambrosia {unknown}

Dungeon Overview and Level Annotations

Branches:
Dungeon (2/15)

Altars:

Shops:
D:1 !

Annotations:
D:2 Terence

#.# #.# ... #.# #.# ..@.
#.# #.. ....###
#.########### .......
#......... .......
#...######### .(.....
##..#........
.......#######..#.######.
......r@@.......#.# #.
####...###......#.# #.
#...# #.#.#..#.######.
#...# #......#.#......
#...#######..#.#.####.
#####...#........#.#....#.
#.........####...#.#......
#.........#...........#<##
#..[.........##.##........


You could see Terence and a rat.


Message History

You finish memorising.
Spell assigned to 'b'.
Found a leather armour.
You see here a +0 leather armour.
A rat comes into view.
Found 14 gold pieces.
A rat is nearby!
You closely miss the rat.
Your tail-slap misses the rat.
The rat bites you but does no damage.
You closely miss the rat. The rat bites you but does no damage.
A rat is nearby!
You closely miss the rat.
You tail-slap the rat, but do no damage.
The rat bites you but does no damage.
You barely miss the rat. The rat bites you but does no damage.
The rat closely misses you.
You closely miss the rat. The rat bites you but does no damage.
You closely miss the rat. The rat misses you.
You hit the rat.
You kill the rat!
You have reached level 3!
Your experience leads to an increase in your attributes!
Increase (S)trength, (I)ntelligence, or (D)exterity?
You feel stronger. x2
You now have 41 gold pieces (gained 14).
Found a stone staircase leading down.
There is a stone staircase leading down here.
Key pressed, stopping explore.
A hobgoblin comes into view.
The hobgoblin shouts!
A hobgoblin is nearby!
A hobgoblin is nearby!
You closely miss the hobgoblin. The hobgoblin hits you.
You hit the hobgoblin. The hobgoblin closely misses you.
You closely miss the hobgoblin.
The hobgoblin hits you but does no damage.
You slash the hobgoblin!
You kill the hobgoblin!
No target in view!
Key pressed, stopping explore.
There is a stone staircase leading down here.
Key pressed, stopping explore.
You see here a +0 leather armour.
Key pressed, stopping explore.
Key pressed, stopping explore.
Found a stone staircase leading up.
There is a stone staircase leading up here.
Found a stone staircase leading down.
There is a stone staircase leading down here.
A frilled lizard comes into view.
The frilled lizard hisses angrily.
A frilled lizard is nearby!
A frilled lizard is nearby!
You barely miss the frilled lizard. The frilled lizard barely misses you.
You slash the frilled lizard!
You kill the frilled lizard!
No target in view!
A goblin comes into view. It is wielding a +0 club.
The goblin shouts!
A goblin is nearby!
A goblin is nearby!
You slash the goblin!
You kill the goblin!
No target in view!
You see here a +0 club.
You see here a +0 club.
Key pressed, stopping explore.
Found 18 stones.
Terence the Incautious comes into view.
He is wielding a +0 flail.
Terence shouts!
Terence says, "Time to say good-bye..."
A rat comes into view.
Okay, then.
You hit Terence.
You tail-slap Terence, but do no damage.
Terence hits you but does no damage.
You barely miss Terence. Terence closely misses you.
Terence hits you with a +0 flail.
You hit Terence but do no damage. Terence hits you with a +0 flail.
You closely miss Terence. Terence barely misses you.
You hit Terence. Terence misses you.
You hit Terence but do no damage. Terence hits you with a +0 flail.
You hit Terence but do no damage.
You tail-slap Terence, but do no damage.
Terence hits you with a +0 flail. x2
* * * LOW HITPOINT WARNING * * *
You hit Terence but do no damage. You tail-slap Terence.
Terence hits you with a +0 flail.
* * * LOW HITPOINT WARNING * * *
You hit Terence. Terence barely misses you.
You closely miss Terence.
You tail-slap Terence, but do no damage.
Terence barely misses you.
You hit Terence but do no damage. Terence hits you with a +0 flail!
* * * LOW HITPOINT WARNING * * *
Casting: Blink (safe; 12% risk of failure)
Confirm with . or Enter, or press ? or * to list all spells.
You miscast Blink.
You are very lightly contaminated with residual magic.
Nothing appears to happen.
Terence hits you with a +0 flail.
You die...

Skill      XL: |  1  2 |
---------------+-------+-----
Armour         | 1 |  1.0
Fighting       | |  2.1
Long Blades    | |  2.6
Throwing       | |  0.6
Dodging        | |  1.8
Spellcasting   | |  2.2
Translocations | |  3.2

Action                   || total
-------------------------++-------
Melee: Falchion          ||    75
       Tailslap          ||    13
Armor: Leather armour    ||    26
Dodge: Dodged            ||    33

Levels and vault maps discovered:
D:1:      dpeg_arrival_another_circle, layout_loops_ring, serial_shops, shop,
          amcnicky_mini_corridor_feature, hangedman_decor_riveting
D:2:      layout_basic, uniq_terence

Notes
Turn   | Place    | Note
-------+----------+-------------------------------------------
     0 | D:1      | MalarOregon the Palentonga Warper began the quest for the
                  | Orb.
     0 | D:1      | Reached XP level 1. HP: 17/17 MP: 3/3
   122 | D:1      | Found Lioplyas's Distillery.
   227 | D:1      | Reached XP level 2. HP: 23/23 MP: 5/5
   616 | D:1      | Reached skill level 1 in Armour
  1272 | D:2      | Learned a level 2 spell: Blink
  1328 | D:2      | Reached XP level 3. HP: 28/28 MP: 6/6
  1636 | D:2      | Noticed Terence
  1653 | D:2      | HP: 4/28 [Terence/+0 flail (9)]
  1654 | D:2      | Slain by Terence

Vanquished Creatures
  2 dart slugs
  2 ball pythons (D:1)
  3 endoplasms (D:1)
  3 giant cockroaches (D:1)
  3 hobgoblins
  4 kobolds (D:1)
  A bat (D:2)
  2 frilled lizards (D:2)
  3 goblins
  2 rats
25 creatures vanquished.

Table legend:
 A = Non-vault XP
 B = Vault XP
 C = Vault XP percentage of total XP
 D = Non-vault monster count
 E = Vault monster count
 F = Vault count percentage of total count
                 A         B        C        D         E       F
            +---------+---------+-------+---------+---------+-------
      Total |      46 |       0 |   0.0 |      25 |       0 |   0.0
            +---------+---------+-------+---------+---------+-------
        D:1 |      34 |       0 |   0.0 |      18 |       0 |   0.0
        D:2 |      12 |       0 |   0.0 |       7 |       0 |   0.0
            +---------+---------+-------+---------+---------+-------

Illustrated notes

Table legend:
 A = Kills in this place as a percentage of kills in entire the game.
 B = Kills by you in this place as a percentage of kills by you in the entire game.
 C = Kills by friends in this place as a percentage of kills by friends in the entire game.
 D = Other kills in this place as a percentage of other kills in the entire game.
 E = Experience gained in this place as a percentage of experience gained in the entire game.
 F = Experience gained in this place divided by the number of levels of this place that you have seen.
                   A       B       C       D       E      F
               +-------+-------+-------+-------+-------+----------------------
         Total | 100.0 | 100.0 |   N/A |   N/A | 100.0 |  23.0
       Dungeon | 100.0 | 100.0 |   N/A |   N/A | 100.0 |  23.0
               +-------+-------+-------+-------+-------+----------------------

Table legend: (Time is in decaauts)
 A = Elapsed time spent in this place.
 B = Non-inter-level travel time spent in this place.
 C = Inter-level travel time spent in this place.
 D = Time resting spent in this place.
 E = Time spent auto-exploring this place.
 F = Levels seen in this place.
 G = Mean time per level.
                   A        B        C        D        E       F      G
               +--------+--------+--------+--------+--------+-----+--------+
         Total |   1667 |   1601 |     66 |      0 |   1374 |   2 |  833.5 |
       Dungeon |   1667 |   1601 |     66 |      0 |   1374 |   2 |  833.5 |
               +--------+--------+--------+--------+--------+-----+--------+

Top non-repeatable levels by time:
     D:1: 1060 daAuts
     D:2: 607 daAuts
